AoeStats
← juju

Arabia

509362978Analyzed
1v1 RM · 7d ago on Sep 26, 2026· 101m 32s· 2 players
Game mode
Random Map
Map size
Tiny (2 player)
Population
200
Speed
Normal
Resources
Standard
Victory
Conquest
Starting age
Dark Age
Ending age
Imperial Age
RankedLock teamsTeams togetherTeam positionsShared explorationLock speedFull tech treeHidden civsTurbo modeCheats
Victory
Defeat
🇺🇸 Franks · United States
655
+15
🇮🇩 Teutons · Indonesia
635
-32
juju
12:30 Feudal Age
16:26 Town Watch
17:53 Wheelbarrow
36:47 Castle Age
34:35 Loom
36:00 Bloodlines
35:16 Man-at-Arms
35:43 Arson
37:21 Double-Bit Axe
40:13 Town Patrol
43:36 Devotion
44:44 Hand Cart
50:23 Crossbowman
50:24 Elite Skirmisher
51:14 Squires
54:31 Forging
54:22 Padded Archer Armor
54:13 Fletching
54:29 Scale Barding Armor
54:25 Scale Mail Armor
57:32 Iron Casting
57:32 Fervor
60:43 Chain Mail Armor
71:23 Bow Saw
71:25 Gold Mining
71:26 Stone Mining
73:20 Long Swordsman
73:22 Pikeman
73:48 Gambesons
77:14 Leather Archer Armor
76:56 Bodkin Arrow
77:21 Chain Barding Armor
98:57 Imperial Age
ccurt97
11:10 Feudal Age
15:51 Castle Age
14:44 Double-Bit Axe
16:13 Man-at-Arms
19:42 Loom
22:57 Long Swordsman
24:29 Forging
27:38 Wheelbarrow
27:55 Murder Holes
29:02 Iron Casting
31:11 Scale Mail Armor
31:28 Hand Cart
31:03 Town Watch
35:01 Gambesons
35:16 Squires
35:02 Arson
36:21 Gold Mining
38:30 Gold Shaft Mining
38:30 Pikeman
39:03 Stone Mining
40:53 Fortified Wall
40:56 Bow Saw
41:06 Chain Mail Armor
40:57 Scale Barding Armor
40:53 Padded Archer Armor
40:44 Fletching
40:58 Husbandry
41:01 Light Cavalry
41:48 Town Patrol
44:35 Ordonnance Companies
46:10 Murder Holes
46:36 Ballistics
46:27 Masonry
46:09 Guard Tower
49:44 Bodkin Arrow
50:04 Leather Archer Armor
50:10 Chain Barding Armor
70:01 Elite Skirmisher
70:01 Crossbowman
80:16 Imperial Age
93:29 Imperial Age
95:17 Blast Furnace
94:48 Plate Mail Armor
94:53 Plate Barding Armor
95:28 Chemistry
94:59 Architecture
94:34 Siege Engineers
94:10 Treadmill Crane
93:56 Two-Handed Swordsman
93:57 Halberdier
94:00 Cavalier
95:15 Conscription
94:55 Chivalry
94:17 Elite Throwing Axeman
95:35 Hoardings
94:24 Heavy Scorpion
94:25 Onager
94:26 Capped Ram
95:48 Paladin
96:27 Arrowslits
96:20 Champion
Connection lost

Rejoining the realm…

Still unreachable

The connection could not be restored.

Session expired

The server has moved on; the page needs a fresh start.